 Dungeon Crawl Stone Soup version 0.27.1-34-g3ba077fa99 (webtiles) character file.

Game seed: 1629120119306040739

2143 Sharkman1231 the Insei (level 9, 0/68 HPs)
             Began as a Demonspawn Brigand on Jan 15, 2022.
             Succumbed to a water moccasin's poison
             ... on level 6 of the Dungeon.
             The game lasted 00:08:16 (8374 turns).

Sharkman1231 the Insei (Demonspawn Brigand)         Turns: 8374, Time: 00:08:17

Health: 0/68       AC:  5    Str: 11    XL:     9   Next: 9%
Magic:  9/9        EV: 13    Int: 15    God:
Gold:   364        SH:  0    Dex: 16    Spells: 8/8 levels left

rFire    + . .     SeeInvis .     - Unarmed
rCold    . . .     Faith    .   (no shield)
rNeg     . . .     Spirit   .   o - +1 leather armour {rF+}
rPois    .         Reflect  .   (no helmet)
rElec    .         Harm     .   c - +0 cloak
rCorr    +         Rampage  .   (gloves unavailable)
Will     +....                  (no boots)
Stlth    +++.......             (no amulet)
HPRegen  0.21/turn              k - ring of willpower
MPRegen  0.11/turn              r - ring of resist corrosion

@: lethally poisoned (0 -> -10)
A: claws 3, demonic guardian 1, demonic magic 1
a: no special abilities


You were on level 6 of the Dungeon.
You visited 1 branch of the dungeon, and saw 7 of its levels.

You collected 364 gold pieces.

Inventory:

Hand Weapons
 b - a +5 hunting sling
Missiles
 d - 11 poisoned darts (quivered)
 h - 123 stones
 q - 2 curare-tipped darts
 t - a throwing net
Armour
 c - a +0 cloak (worn)
 o - a +1 leather armour of fire resistance (worn)
Magical Staves
 g - a staff of death
Jewellery
 k - a ring of willpower (left claw)
 l - a ring of fire
 r - a ring of resist corrosion (right claw)
 u - a ring of poison resistance
 x - a +6 ring of intelligence
Wands
 e - a wand of digging (1)
 p - a wand of flame (34)
Scrolls
 f - a scroll of enchant armour
 j - a scroll of amnesia
 m - a scroll of silence {unknown}
 v - a scroll of enchant weapon
 w - a scroll of fear {unknown}
Potions
 i - 2 potions of brilliance
 s - a potion of magic


   Skills:
 + Level 5.5 Fighting
 - Level 2.0 Short Blades
 + Level 4.5(4.7) Slings
 - Level 1.7(3.4) Throwing
 + Level 4.7 Dodging
 - Level 5.0 Stealth
 * Level 6.3 Unarmed Combat


You had 8 spell levels left.
You didn't know any spells.
Your spell library contained the following spells:

 Spells                   Type           Power      Damage    Failure   Level
 Foxfire                  Conj/Fire      0%         2x1d4     34%         1
 Pain                     Necr           0%         1d4       34%         1
 Conjure Flame            Conj/Fire      0%         6-21      71%         3
 Dazzling Flash           Conj/Hex       0%         N/A       71%         3
 Inner Flame              Hex/Fire       0%         N/A       71%         3
 Agony                    Necr           0%         N/A       100%        5
 Excruciating Wounds      Necr           0%         N/A       100%        5
 Silence                  Hex/Air        0%         N/A       100%        5


Dungeon Overview and Level Annotations

Branches:
Dungeon (7/15)
 Temple: D:4-7

Altars:
Cheibriados
Gozag
Wu Jian
Yredelemnul

Shops:
D:4 =

Annotations:
D:6 exclusion: 2 orc priests, Edmund


Innate Abilities, Weirdness & Mutations

You have claws for hands.
A weak demonic guardian rushes to your aid.
Spells you cast may paralyse adjacent enemies.


Message History

Your quasit closely misses the hornet zombie.
The orc wizard closely misses you.
You feel very sick. The water moccasin barely misses you.
You feel very sick.
Your quasit bites the hornet zombie but does no damage.
Your quasit claws the hornet zombie but does no damage.
Your quasit claws the hornet zombie.
You feel very sick. The water moccasin bites you!
* * * LOW HITPOINT WARNING * * *
You feel sick. Something closely misses your quasit.
The orc priest hits your quasit with a +0 hand axe.
You feel sick.
The orc priest calls down the wrath of Beogh upon you.
Beogh smites you!
* * * LOW HITPOINT WARNING * * *
You feel better. The water moccasin bites you.
* * * LOW HITPOINT WARNING * * *
The water moccasin closely misses you.
Blink to where?
Press: ? - help, Dir - move target
As you read the scroll of blinking, it crumbles to dust.
There is a stone staircase leading up here.
The water moccasin bites you.
* * * LOW HITPOINT WARNING * * *
You are lethally poisoned!
The water moccasin poisons you!
Your quasit completely misses the water moccasin.
Your quasit claws the water moccasin but does no damage.
Your quasit claws the water moccasin.
You climb upwards.
Level annotation: exclusion: 2 orc priests, Edmund
* * * LOW HITPOINT WARNING * * *
You feel very sick.
There is a stone staircase leading down here.
Edmund shouts!
You scratch the water moccasin.
The water moccasin is heavily wounded.
You die...

......# ##.#...#......# #.###.#.#
......####.###........###........
......+......'................#..
......####..##...################
.....## #.......................
.....# #...###....#############
.....#####.#.###....#
.....#...#.#..##....#
.....'...'.....S@...#######
.....#...#.##.##..........#
.....#...#.##..#..........#
.#####...#.###.#.##.......# .#
#...#.# #...##.......# .#
#####.####..##.......#
.#########.......##.......#
.#............@..##########
.................#


You could see Edmund and a water moccasin.

Vanquished Creatures
  Grinder (D:5)
  2 water moccasins
  An ice beast (D:4)
  A black bear (D:4)
  A hornet zombie (D:3)
  A sky beast (D:5)
  2 ogres (D:4)
  A phantom (D:4)
  A centaur (D:5)
  2 water moccasin zombies
  A scorpion (D:5)
  A bullfrog zombie (D:6)
  5 hounds
  2 gnoll shamans (D:6)
  4 orc priests
  A bullfrog skeleton (D:5)
  Terence (D:2)
  3 orc wizards
  Ijyb (D:5)
  A hound zombie (D:5)
  A hound skeleton (D:4)
  11 gnolls
  2 adders
  A howler monkey skeleton (D:6)
  7 river rats (D:6)
  A shadow imp (D:6)
  A white imp (D:5)
  2 worms
  4 dart slugs
  24 orcs
  7 ball pythons
  3 endoplasms (D:4)
  2 giant cockroaches
  7 goblins
  7 hobgoblins
  6 jackals (D:2)
  5 kobolds
  4 quokkas
  4 bats
  5 frilled lizards
  17 rats
154 creatures vanquished.

Vanquished Creatures (collateral kills)
  2 orcs (D:5)
2 creatures vanquished.

Vanquished Creatures (others)
  3 fungi (D:2)
  12 plants (D:2)
15 creatures vanquished.

Grand Total: 171 creatures vanquished

Notes
Turn   | Place    | Note
-------+----------+-------------------------------------------
     0 | D:1      | Sharkman1231 the Demonspawn Brigand began the quest for the
                  | Orb.
     0 | D:1      | Reached XP level 1. HP: 16/16 MP: 1/1
   273 | D:1      | Reached skill level 1 in Dodging
   541 | D:1      | Gained mutation: You have sharp fingernails. [demonic
                  | ancestry]
   541 | D:1      | Reached XP level 2. HP: 22/22 MP: 2/2
  1040 | D:2      | Gained mutation: You have very sharp fingernails. [demonic
                  | ancestry]
  1040 | D:2      | Reached XP level 3. HP: 28/28 MP: 3/3
  1200 | D:2      | Noticed Terence
  1230 | D:2      | Killed Terence
  1231 | D:2      | Reached skill level 1 in Slings
  1732 | D:2      | Reached skill level 1 in Unarmed Combat
  1732 | D:2      | Reached XP level 4. HP: 34/34 MP: 4/4
  1933 | D:2      | Found a faded altar of an unknown god.
  3017 | D:4      | Gained mutation: A weak demonic guardian rushes to your
                  | aid. [demonic ancestry]
  3017 | D:4      | Reached XP level 5. HP: 23/40 MP: 5/5
  3170 | D:4      | Noticed an ogre
  3190 | D:4      | Killed an ogre
  3191 | D:4      | Reached skill level 2 in Unarmed Combat
  3492 | D:4      | You fall into a shaft and drop 2 floors!
  3492 | D:6      | Noticed a water moccasin
  3506 | D:6      | Killed a water moccasin
  3507 | D:6      | Reached XP level 6. HP: 30/47 MP: 6/6
  3883 | D:6      | Reached skill level 3 in Unarmed Combat
  4075 | D:6      | Gained mutation: You have claws for hands. [demonic
                  | ancestry]
  4075 | D:6      | Reached XP level 7. HP: 34/52 MP: 7/7
  4410 | D:6      | Noticed Edmund
  5090 | D:5      | Entered Level 5 of the Dungeon
  5204 | D:5      | Reached skill level 5 in Stealth
  5215 | D:5      | Reached skill level 4 in Unarmed Combat
  5428 | D:5      | Found a snail-covered altar of Cheibriados.
  5535 | D:5      | Gained mutation: Spells you cast may paralyse adjacent
                  | enemies. [demonic ancestry]
  5535 | D:5      | Reached XP level 8. HP: 47/60 MP: 8/8
  6245 | D:5      | Found an ornate altar of the Wu Jian Council.
  6256 | D:5      | Found a basalt altar of Yredelemnul.
  6356 | D:5      | Reached skill level 5 in Unarmed Combat
  6459 | D:5      | Found an opulent altar of Gozag.
  6506 | D:5      | Noticed Grinder
  6528 | D:5      | Killed Grinder
  6638 | D:5      | Noticed Ijyb
  6660 | D:5      | Killed Ijyb
  6988 | D:5      | Reached skill level 5 in Fighting
  7403 | D:4      | Reached skill level 6 in Unarmed Combat
  7629 | D:4      | Found Kulyiwk's Jewellery Shop.
  7914 | D:4      | Reached XP level 9. HP: 61/68 MP: 9/9
  8364 | D:7      | HP: 2/68 [orc priest/divine providence (8)]
  8373 | D:6      | HP: 3/68 [poisoned by a water moccasin]
  8374 | D:6      | Succumbed to a water moccasin's poison

Illustrated notes

Levels and vault maps discovered:
D:1:      dpeg_arrival_lava_temple_mockup, layout_basic, st_stairs_12,
          minivault_11
D:2:      layout_loops_ring, shapermc_ecumenical_altar_hornbeckon,
          minmay_misc_feat_tower, minmay_domino_2, uniq_terence
D:3:      layout_rooms
D:4:      minmay_opposing_rooms, layout_gridville, serial_shops, shop_statue
D:5:      layout_rooms, mainiacjoe_overflow_small_starburst,
          amcnicky_altar_gilded, grunt_temple_overflow_open, uniq_ijyb,
          uniq_grinder
D:6:      layout_basic, dk_rats_in_the_wall, uniq_edmund
D:7:      layout_rooms, nicolae_qazlal_eye_of_the_storm,
          nicolae_overflow_hidden_temple, minmay_temple_entry_antechambers

Skill      XL: |  1  2  3  4  5  6  7  8 |
---------------+-------------------------+-----
Dodging        | 1 2 3 4 |  4.7
Short Blades   | 2 |  2.0
Slings         | 1 2 3 4 |  4.5
Stealth        | 4 5 |  5.0
Unarmed Combat | 1 2 3 4 6 |  6.3
Fighting       | 3 4 5 |  5.5
Throwing       | |  1.7

Action                   |  1- 3 |  4- 6 |  7- 9 || total
-------------------------+-------+-------+-------++-------
Melee: Dagger            |    13 |       |       ||    13
       Unarmed           |       |    30 |   320 ||   350
       Punch             |       |       |     3 ||     3
 Fire: Hunting sling     |    58 |   180 |    13 ||   251
Throw: Dart              |     3 |     4 |     2 ||     9
Evoke: Wand              |       |       |     1 ||     1
  Use: Scroll            |       |     3 |     4 ||     7
       Potion            |       |     5 |     1 ||     6
 Stab: Sleeping          |       |       |     6 ||     6
       Distracted        |       |       |     1 ||     1
Armor: Robe              |     2 |    13 |       ||    15
       Leather armour    |       |    11 |    71 ||    82
Dodge: Dodged            |    22 |    72 |   177 ||   271
